Selects Airborne Battlegroup
Selects Heavy Machine Gun Paradrop
Heavy Machine Gun Paradrop
Mechanized Support Center
Heavy Machine Gun Paradrop
Construct Medical Station
Selects Paratrooper Squad Paradrop
Paratrooper Squad Paradrop
Selects Anti-tank Gun Team Paradrop
Anti-tank Gun Team Paradrop
Paratrooper Squad Paradrop
M4A1(76) Sherman Medium Tank
Selects Paradrop Reinforcements
Heavy Machine Gun Paradrop
M4A1(76) Sherman Medium Tank